General information
- name: BNet
- type: Ladder 1vs1/FFA
- host: Battle.net
- saver: brincos
map: GnollWood
- players: 2
- length: 64:16
- speed: Fast
- version: 1.26 W3XP
- replay type: Public
» download(166 KB)
Players
team 1 (loser)
brincos (
pink | 70 APM | 4514 actions | 64:16)
9 Death Knight
3 Death Coil
3 Unholy Aura
1 Animate Dead
2 Death Pact
5 Lich
3 Frost Nova
1 Frost Armor
1 Dark Ritual
» actions
| Assign group hotkey | 72 | |
| Basic commands | 208 | |
| Build / train | 205 | |
| ESC pressed | 8 | |
| Enter build submenu | 58 | |
| Enter hero's abilities submenu | 14 | |
| Right click | 1899 | |
| Select / deselect | 878 | |
| Select group hotkey | 1014 | |
| Use ability | 158 | |
4514 total
» units
| Acolyte | 16 | |
| Ghoul | 14 | |
| Crypt Fiend | 40 | |
| Necromancer | 49 | |
| Forest Troll Shadow Priest | 1 | |
| Obsidian Statue | 2 | |
| Banshee | 3 | |
| Gargoyle | 22 | |
| Meatwagon | 6 | |
153 total
» upgrades
| Cannibalize | 1 | |
| Burrow | 1 | |
| Web | 1 | |
| Necromancer Training | 1 | |
| Banshee Training | 1 | |
| Unholy Strength | 1 | |
| Creature Attack | 3 | |
| Skeletal Longevity | 1 | |
| Exhume Corpses | 1 | |
| Unholy Armor | 1 | |
| Creature Carapace | 1 | |
13 total
» buildings
| Ziggurat | 17 | |
| Crypt | 1 | |
| Altar of Darkness | 1 | |
| Tomb of Relics | 1 | |
| Halls of the Dead | 1 | |
| Graveyard | 1 | |
| Temple of the Damned | 2 | |
| Spirit Tower | 11 | |
| Slaughterhouse | 1 | |
| Sacrificial Pit | 1 | |
| Nerubian Tower | 1 | |
| Necropolis | 2 | |
| Black Citadel | 1 | |
41 total
» build order
00:07 Ziggurat
00:13 Crypt
00:16 Altar of Darkness
01:31 Ziggurat
01:55 Ziggurat
02:20 Tomb of Relics
02:55 Halls of the Dead
03:17 Graveyard
04:01 Ziggurat
06:11 Temple of the Damned
06:17 Ziggurat
06:53 Spirit Tower
07:55 Spirit Tower
08:23 Spirit Tower
08:41 Spirit Tower
11:43 Ziggurat
11:47 Ziggurat
13:05 Ziggurat
13:30 Slaughterhouse
15:13 Temple of the Damned
17:26 Ziggurat
17:44 Ziggurat
19:45 Spirit Tower
19:45 Spirit Tower
19:46 Spirit Tower
20:26 Ziggurat
21:23 Spirit Tower
25:31 Sacrificial Pit
26:01 Spirit Tower
27:22 Ziggurat
29:36 Ziggurat
30:31 Ziggurat
34:24 Nerubian Tower
39:38 Ziggurat
39:40 Ziggurat
39:41 Ziggurat
40:40 Necropolis
41:07 Spirit Tower
43:38 Spirit Tower
45:05 Black Citadel
45:40 Necropolis
» items
| Rod of Necromancy | 4 | |
| Potion of Healing | 1 | |
| Scroll of Town Portal | 1 | |
| Scroll of Healing | 2 | |
8 total
team 2 (winner)
dudiss (
teal | 33 APM | 2136 actions | 64:16)
10 Archmage
3 Summon Water Elemental
3 Blizzard
1 Mass Teleport
3 Brilliance Aura
» actions
| Assign group hotkey | 59 | |
| Build / train | 180 | |
| Enter build submenu | 50 | |
| Enter hero's abilities submenu | 10 | |
| Give item / drop item | 2 | |
| Right click | 670 | |
| Select / deselect | 508 | |
| Select group hotkey | 510 | |
| Use ability | 147 | |
2136 total
» units
| Peasant | 26 | |
| Footman | 5 | |
| Rifleman | 10 | |
| Priest | 15 | |
| Mortar Team | 23 | |
| Knight | 22 | |
| Gryphon Rider | 24 | |
125 total
» upgrades
| Gunpowder | 1 | |
| Lumber Harvesting | 2 | |
| Long Rifles | 1 | |
| Priest Training | 1 | |
| Armor | 2 | |
| Plating | 2 | |
| Fragmentation Shards | 1 | |
| Storm Hammers | 1 | |
| Animal War Training | 1 | |
12 total
» buildings
| Altar of Kings | 1 | |
| Barracks | 1 | |
| Farm | 10 | |
| Blacksmith | 1 | |
| Lumber Mill | 1 | |
| Keep | 1 | |
| Scout Tower | 27 | |
| Arcane Sanctum | 1 | |
| Workshop | 1 | |
| Town Hall | 6 | |
| Guard Tower | 22 | |
| Castle | 1 | |
| Gryphon Aviary | 1 | |
74 total
» build order
00:17 Altar of Kings
00:23 Barracks
00:34 Farm
01:17 Farm
02:02 Farm
02:12 Blacksmith
02:46 Lumber Mill
04:00 Keep
04:32 Farm
05:25 Farm
06:10 Scout Tower
06:23 Arcane Sanctum
07:07 Workshop
08:28 Town Hall
08:41 Guard Tower
08:54 Farm
09:46 Farm
10:43 Castle
13:02 Gryphon Aviary
15:22 Scout Tower
16:24 Guard Tower
16:27 Scout Tower
16:53 Farm
17:00 Scout Tower
17:46 Scout Tower
20:26 Town Hall
21:17 Scout Tower
21:54 Town Hall
22:46 Guard Tower
25:32 Scout Tower
26:08 Scout Tower
26:12 Guard Tower
27:51 Scout Tower
27:54 Scout Tower
28:15 Guard Tower
28:18 Scout Tower
28:25 Scout Tower
28:29 Scout Tower
29:52 Guard Tower
29:57 Scout Tower
30:16 Guard Tower
30:22 Town Hall
30:26 Scout Tower
30:30 Guard Tower
30:35 Scout Tower
30:41 Guard Tower
30:44 Guard Tower
30:48 Guard Tower
32:48 Scout Tower
33:18 Guard Tower
33:30 Guard Tower
33:50 Guard Tower
34:20 Scout Tower
34:28 Scout Tower
35:22 Scout Tower
36:54 Guard Tower
40:06 Scout Tower
40:49 Guard Tower
40:52 Scout Tower
41:51 Town Hall
47:05 Guard Tower
53:15 Farm
54:32 Scout Tower
55:03 Guard Tower
55:09 Town Hall
55:17 Scout Tower
55:50 Guard Tower
55:55 Scout Tower
56:22 Farm
56:45 Guard Tower
56:50 Scout Tower
60:49 Guard Tower
60:49 Guard Tower
60:53 Scout Tower
» items
| Scroll of Town Portal | 6 | |
| Potion of Lesser Invulnerability | 1 | |
7 total
Chat log
(00:08 / All) brincos: hf gl
(12:16 / All) brincos: LOL
(35:57 / All) brincos: lagger
(43:17 / All) brincos: are you a hacker ?
(49:47 / All) brincos: you are hacker nice =) i lose
(52:00 / All) brincos: =)
(52:39 / All) brincos: why you dont talk ?
(52:46 / All) dudiss: NO
(52:51 / All) brincos: why ?
(53:05 / All) dudiss: I DONT KNOW TO PLAY
(53:08 / All) brincos: from ?
(53:18 / All) dudiss: BRASIL
(53:25 / All) brincos: O.o
(54:32 / All) brincos: really are you kiding ? you play +-
(54:41 / All) dudiss: NO
(54:47 / All) dudiss: I´M NOOB
(54:54 / All) brincos: speak some spanish or just english
(55:41 / All) brincos: well
(55:42 / All) brincos: GG
(55:46 / All) dudiss: gg
(55:49 / All) brincos: is good game
(55:58 / All) brincos: you know that ?
(56:01 / All) dudiss: falow
(56:07 / All) brincos: ?
(56:14 / All) dudiss: portugues
(56:22 / All) brincos: um poquinho
(56:37 / All) dudiss: haha
(62:55 / All) dudiss: gg
(63:20 / All) brincos: you are a pro- boon
(63:23 / All) brincos: gg